 Dungeon Crawl Stone Soup version 0.30.1-4-g462c640d31 (webtiles) character file.

Game seed: 17785018422822916255

5812 lonewolfV2 the Cleaver (level 10, -2/79 HPs)
             Began as a Demonspawn Fighter on Aug 25, 2023.
             Was a Believer of Makhleb.
             Succumbed to a hornet's poison
             ... while paralysed by a hornet
             ... on level 9 of the Dungeon.
             The game lasted 00:14:36 (7218 turns).

lonewolfV2 the Cleaver (Demonspawn Fighter)         Turns: 7218, Time: 00:14:36

Health: -2/79      AC: 10    Str: 24    XL:     10   Next: 50%
Magic:  10/10      EV:  2    Int: 10    God:    Makhleb [**....]
Gold:   510        SH:  0    Dex: 15    Spells: 9/9 levels left

rFire   . . .        a - +1 war axe (freeze)
rCold   . . .        c - +0 buckler
rNeg    . . .        i - +3 leather armour of the Countless Eyes {rC+}
rPois   .            (no helmet)
rElec   .            (no cloak)
rCorr   +            (no gloves)
SInv    .            (no boots)
Will    .....        q - amulet of reflection
Stlth   ++           k - ring "Itsepow" {+Blink rC- AC+4 Str+3 Dex+3}
HPRegen 0.33/turn    u - ring of resist corrosion
MPRegen 0.12/turn

%: reflection
@: paralysed, lethally poisoned (-2 -> -23), slowed
A: ignite blood 3, powered by death 1, demonic touch 2
a: Renounce Religion, Evoke Blink, Minor Destruction


You were on level 9 of the Dungeon.
You worshipped Makhleb.
Makhleb was pleased with you.
You visited 2 branches of the dungeon, and saw 10 of its levels.

You collected 510 gold pieces.

Inventory:

Hand Weapons
 a - a +1 war axe of freezing (weapon)
Armour
 b - a +0 scale mail
 c - a +0 buckler (worn)
 i - the +3 leather armour of the Countless Eyes (worn) {rC+}
   (You found it on level 3 of the Dungeon)

   rC:        It protects you from cold.
Jewellery
 k - the ring "Itsepow" (left hand) {+Blink rC- AC+4 Str+3 Dex+3}
   (You acquired it on level 4 of the Dungeon)

   [ring of protection]

   AC:        It affects your AC (+4).
   Str:       It affects your strength (+3).
   Dex:       It affects your dexterity (+3).
   rC:        It makes you vulnerable to cold.
   +Blink:    It lets you blink.
 q - an amulet of reflection (around neck)
 u - a ring of resist corrosion (right hand)
Wands
 e - a wand of polymorph (5)
 l - a wand of paralysis (8)
 t - a wand of mindburst (30)
 z - a wand of flame (3)
Scrolls
 j - 2 scrolls of teleportation
 p - a scroll of torment
 r - 2 scrolls of enchant weapon
 y - a scroll of enchant armour {unknown}
 A - a scroll of magic mapping
Potions
 d - a potion of berserk rage
 f - 2 potions of lignification
 g - 3 potions of haste
 h - 4 potions of attraction
 m - a potion of brilliance {unknown}
 n - a potion of curing
 o - 2 potions of degeneration
 s - 4 potions of might
 v - a potion of magic {unknown}
 w - 2 potions of heal wounds
 x - a potion of flight {unknown}


   Skills:
 + Level 7.3 Fighting
 + Level 10.4 Axes
 + Level 5.1 Armour
 + Level 4.2 Dodging
 + Level 3.1 Stealth
 + Level 5.0 Shields
 + Level 0.2 Evocations


You had 9 spell levels left.
You didn't know any spells.
Your spell library contained the following spells:

 Spells                   Type           Power      Damage    Failure   Level
 Gell's Gravitas          Tloc           0%         N/A       83%         3
 Teleport Other           Tloc           0%         N/A       83%         3
 Dispersal                Tloc           0%         N/A       100%        6


Dungeon Overview and Level Annotations

Branches:
Dungeon (9/15)             Temple (1/1) D:5             Orc (0/2) D:9
   Lair: D:8-11

Altars:
Ashenzari
Cheibriados
Fedhas
Gozag
Hepliaklqana
Makhleb
Okawaru
Qazlal
Ru
Sif Muna
Trog
Uskayaw
Wu Jian
Yredelemnul


Innate Abilities, Weirdness & Mutations

Your demonic aura causes all spilled blood to erupt in flames.
You regenerate a little health from kills.
Your touch may inflict irresistible damage on your foes.


Message History

The hornet stings you but does no damage.
You block the killer bee's attack. The hornet stings you!
You feel as though you will be slow longer.
The killer bee stings you.
You are more poisoned.
The killer bee poisons you! The hornet barely misses you.
The killer bee misses you.
You slash the hornet! You freeze the hornet.
The hornet is severely wounded.
You miss the killer bee.
You feel very sick.
The killer bee stings you but does no damage.
The hornet barely misses you.
The killer bee stings you but does no damage.
The hornet closely misses you. The killer bee stings you.
You miss the hornet.
The hornet is severely wounded.
You barely miss the killer bee.
You feel very sick.
The hornet stings you but does no damage.
The killer bee stings you but does no damage.
The hornet stings you!
* * * LOW HITPOINT WARNING * * *
You are more poisoned.
You suddenly lose the ability to move!
The killer bee stings you but does no damage.
You feel very sick.
The killer bee stings you but does no damage.
The hornet stings you!
* * * LOW HITPOINT WARNING * * *
You are more poisoned.
You feel as though you will be slow longer.
The killer bee stings you.
* * * LOW HITPOINT WARNING * * *
The killer bee stings you.
* * * LOW HITPOINT WARNING * * *
The hornet stings you.
* * * LOW HITPOINT WARNING * * *
You feel as though you will be slow longer.
You die...

........##
#...........
...###...#
##.#.#.#.#.# ####
#...# #...........
##..#####.#.#.#.#.#
#...##............
##..####.#.#.#.#.#
#..###...........
#...#.#.#.#.#.#.#
##......y@yK.....
#.....#.#y#.#.#.#
#........####.###
#........... #
#............
#.............
..............
#............[


You could see a hornet, a kobold brigand and 2 killer bees.

Vanquished Creatures
  Pikel (D:6)
  Joseph (D:8)
  Maggie (D:7)
  A troll (D:9)
  Grinder (D:4)
  Sigmund (D:2)
  5 yaks (D:8)
  Menkaure (D:4)
  2 water moccasins (D:7)
  2 orc warriors
  2 ice beasts (D:6)
  3 ogres
  2 centaurs
  A phantom (D:5)
  A kobold brigand (D:8)
  5 bullfrogs
  5 scorpions
  4 wights (D:6)
  2 killer bees (D:9)
  4 howler monkeys
  A jelly (D:7)
  9 orc priests
  5 hounds
  Crazy Yiuf (D:2)
  A gnoll bouda (D:5)
  Ijyb (D:4)
  Terence (D:2)
  7 iguanas
  9 orc wizards
  5 adders
  4 gnolls
  A white imp (D:8)
  An ufetubus (D:5)
  A worm (D:3)
  35 orcs
  8 endoplasms
  2 giant cockroaches
  5 goblins
  5 hobgoblins
  3 jackals (D:2)
  12 kobolds
  5 quokkas
  6 ball pythons
  4 bats
  3 frilled lizards (D:1)
  9 rats
189 creatures vanquished.

Notes
Turn   | Place    | Note
-------+----------+-------------------------------------------
     0 | D:1      | lonewolfV2 the Demonspawn Fighter began the quest for the
                  | Orb.
     0 | D:1      | Reached XP level 1. HP: 18/18 MP: 1/1
   100 | D:1      | Gained mutation: You regenerate a little health from kills.
                  | [demonic ancestry]
   100 | D:1      | Reached XP level 2. HP: 14/24 MP: 2/2
   244 | D:1      | Reached skill level 2 in Axes
   382 | D:1      | Gained mutation: Your touch may inflict minor irresistible
                  | damage on your foes. [demonic ancestry]
   382 | D:1      | Reached XP level 3. HP: 29/29 MP: 3/3
   769 | D:2      | Noticed Sigmund
   795 | D:2      | Killed Sigmund
   796 | D:2      | Reached skill level 3 in Axes
   796 | D:2      | Gained mutation: Your touch may inflict irresistible damage
                  | on your foes. [demonic ancestry]
   796 | D:2      | Reached XP level 4. HP: 12/37 MP: 4/4
   796 | D:2      | Gained mutation: Your demonic aura sometimes causes spilled
                  | blood to erupt in flames. [demonic ancestry]
   796 | D:2      | Reached XP level 5. HP: 14/42 MP: 5/5
   920 | D:2      | Noticed Terence
   934 | D:2      | Killed Terence
  1196 | D:2      | Found a runed translucent door.
  1197 | D:2      | Noticed Crazy Yiuf
  1361 | D:2      | HP: 2/41 [Crazy Yiuf/+2 quarterstaff of chaos (5)]
  1362 | D:2      | Killed Crazy Yiuf
  1363 | D:2      | Reached XP level 6. HP: 3/48 MP: 6/6
  1990 | D:3      | Identified the +3 leather armour of the Countless Eyes
                  | {rC+}
  2440 | D:3      | Found a snail-covered altar of Cheibriados.
  2444 | D:3      | Reached skill level 4 in Axes
  2444 | D:3      | Reached skill level 1 in Dodging
  2501 | D:4      | Noticed Ijyb
  2504 | D:4      | Paralysed by Ijyb for 4 turns
  2513 | D:4      | Killed Ijyb
  2532 | D:4      | Noticed Menkaure
  2540 | D:4      | Killed Menkaure
  2541 | D:4      | Reached XP level 7. HP: 30/54 MP: 7/7
  2688 | D:4      | Noticed Grinder
  2695 | D:4      | Paralysed by Grinder for 4 turns
  2718 | D:4      | Killed Grinder
  2719 | D:4      | Reached skill level 5 in Axes
  3320 | D:4      | Identified a scroll of acquirement
  3320 | D:4      | Acquired the ring "Itsepow" {+Blink rC- AC+4 Str+3 Dex+3}
  3417 | D:5      | Entered Level 5 of the Dungeon
  3444 | D:5      | Reached skill level 6 in Axes
  3444 | D:5      | Gained mutation: Your demonic aura often causes spilled
                  | blood to erupt in flames. [demonic ancestry]
  3444 | D:5      | Reached XP level 8. HP: 56/61 MP: 8/8
  3592 | D:5      | Reached skill level 1 in Stealth
  3598 | D:5      | Reached skill level 5 in Fighting
  3749 | D:5      | Reached skill level 7 in Axes
  3853 | D:5      | Found a staircase to the Ecumenical Temple.
  3873 | Temple   | Entered the Ecumenical Temple
  3990 | Temple   | Became a worshipper of Makhleb the Destroyer
  4045 | D:5      | Found a bloodstained altar of Trog.
  4401 | D:6      | Noticed Pikel
  4412 | D:6      | Killed Pikel
  4413 | D:6      | Gained mutation: Your demonic aura causes all spilled blood
                  | to erupt in flames. [demonic ancestry]
  4413 | D:6      | Reached XP level 9. HP: 41/69 MP: 9/9
  4606 | D:6      | Reached skill level 8 in Axes
  5090 | D:6      | Found an opulent altar of Gozag.
  5182 | D:7      | Reached * piety under Makhleb
  5193 | D:7      | Identified the +4 dagger of the Boiling Point {freeze,
                  | *Rage rF+ Str+3}
  5282 | D:7      | Reached skill level 9 in Axes
  5600 | D:7      | Noticed Maggie
  5610 | D:7      | Killed Maggie
  5853 | D:8      | Found a hazy altar of Hepliaklqana.
  5876 | D:8      | Reached XP level 10. HP: 77/77 MP: 10/10
  5881 | D:8      | Reached skill level 5 in Armour
  6101 | D:8      | Reached skill level 10 in Axes
  6111 | D:8      | Reached ** piety under Makhleb
  6644 | D:8      | Noticed Joseph
  6649 | D:8      | Killed Joseph
  6865 | D:9      | Found a staircase to the Orcish Mines.
  6890 | D:9      | Reached skill level 5 in Shields
  7216 | D:9      | Paralysed by a hornet for 3 turns
  7217 | D:9      | HP: 3/79 [hornet (2)]
  7218 | D:9      | Succumbed to a hornet's poison

Illustrated notes

Levels and vault maps discovered:
D:1:      roderic_chinese_lattice_arrival, layout_basic,
          minmay_misc_feat_plants, hangedman_decor_opposing, solitary_fountain,
          minmay_misc_feat_enclosed
D:2:      layout_rooms, st_stairs_4, uniq_crazy_yiuf_cottage, uniq_sigmund,
          uniq_terence
D:3:      layout_rooms, overflow_temple_1_default, mainiacjoe_overflow_alcove_4
D:4:      layout_basic, uniq_ijyb, uniq_menkaure, uniq_grinder
D:5:      layout_cave_pools, nicolae_overflow_hidden_temple,
          minmay_temple_entry_drinking_statues
D:6:      layout_rooms, grunt_temple_overflow_gold_and_silver, uniq_pikel
D:7:      layout_rooms, uniq_maggie
D:8:      layout_loops_ring, nicolae_hepliaklqana_hazy_memory,
          minmay_misc_feat_four_crosses, uniq_joseph
D:9:      layout_cave_pods, xom_teletrap_fun,
          mainiacjoe_overflow_concentric_impassable,
          mainiacjoe_overflow_boulevard, minmay_orc_entry_temple_small,
          st_stairs_11
Temple:   eino_wide_crystal_templ

Skill      XL: |  1  2  3  4  5  6  7  8  9 10 |
---------------+-------------------------------+-----
Armour         | 3 4 5 |  5.1
Axes           | 2 3 4 6 7 9 10 | 10.4
Shields        | 3 4 5 |  5.0
Fighting       | 4 5 6 7 |  7.3
Dodging        | 1 2 3 4 |  4.2
Stealth        | 2 3 |  3.1
Evocations     | |  0.2

Action                     |  1- 3 |  4- 6 |  7- 9 | 10-12 || total
---------------------------+-------+-------+-------+-------++-------
  Melee: War axe           |    80 |    66 |   222 |    74 ||   442
Ability: Evoke Blink       |       |       |     1 |       ||     1
    Use: Scroll            |     2 |     5 |    10 |     1 ||    18
         Potion            |     1 |       |     4 |     2 ||     7
   Stab: Sleeping          |       |       |     3 |       ||     3
 Armour: Scale mail        |    51 |    21 |       |       ||    72
         Leather armour    |       |     4 |    91 |    28 ||   123
  Dodge: Dodged            |    50 |    39 |   138 |    45 ||   272
  Block: Buckler           |    26 |    13 |    62 |    46 ||   147
         Reflection        |       |       |       |     2 ||     2
